 Dungeon Crawl Stone Soup version 0.20.0-14-g326068f (webtiles) character file.

61567 skittles the Arsonist (level 14, -22/124 HPs)
             Began as a Grey Draconian Fire Elementalist on June 8, 2017.
             Was a High Priest of Vehumet.
             Killed from afar by Frances (48 damage)
             ... with an iron shot
             ... on level 11 of the Dungeon.
             The game lasted 02:00:02 (31539 turns).

skittles the Arsonist (DrFE)                       Turns: 31539, Time: 02:00:03

Health: -22/124    AC: 14    Str: 11    XL:     14   Next: 61%
Magic:  4/29       EV: 16    Int: 20    God:    Vehumet [*****.]
Gold:   1349       SH:  2    Dex: 12    Spells: 8/36 levels left

rFire    + . .     SeeInvis .   a - +4 dagger (venom)
rCold    + + .     Gourm    .   (no shield)
rNeg     . . .     Faith    .   (armour unavailable)
rPois    +         Spirit   .   r - +0 hat
rElec    .         Reflect  +   U - scarf {rC+ rF+}
rCorr    .         Harm     .   p - +0 pair of gloves
MR       +....                  (no boots)
Stlth    +.........             f - +2 amulet of reflection
Regen    0.3/turn               K - ring of protection from cold
MPRegen  0.3/turn               V - ring of poison resistance

@: very slightly contaminated, hasted, heavily drained, very quick
A: walk through water, unfitting armour, stinger 1, wild magic 1, unbreathing,
cold-blooded, AC +13
a: Renounce Religion


You were on level 11 of the Dungeon.
You worshipped Vehumet.
Vehumet was extremely pleased with you.
You were not hungry.

You visited 3 branches of the dungeon, and saw 19 of its levels.
You also visited: Sewer.

You collected 1463 gold pieces.
You spent 114 gold pieces at shops.

Inventory:

Hand Weapons
 a - a +4 dagger of venom (weapon)
 b - a +1 spear of venom
 N - a +2 spear of piercing
Armour
 p - a +0 pair of gloves (worn)
 r - a +0 hat (worn)
 U - a scarf of resistance (worn)
Jewellery
 f - a +2 amulet of reflection (around neck)
 j - an uncursed ring of see invisible
 K - a ring of protection from cold (left hand)
 M - an uncursed ring of positive energy
 V - a ring of poison resistance (right hand)
Wands
 y - a wand of acid (5/15)
 D - a wand of lightning (4/15)
Scrolls
 m - 6 scrolls of recharging
 n - 9 scrolls of remove curse
 o - 3 scrolls of fear
 t - a scroll of holy word {unknown}
 v - a scroll of random uselessness {unknown}
 w - 7 scrolls of teleportation
 A - 4 scrolls of magic mapping
 E - 2 scrolls of vulnerability {unknown}
 H - a scroll of silence {unknown}
 O - 2 scrolls of noise {unknown}
 P - a scroll of amnesia {unknown}
 Q - a scroll of fog {unknown}
 S - a scroll of immolation {unknown}
 T - a scroll of brand weapon {unknown}
Potions
 c - 4 potions of flight
 e - a potion of invisibility
 g - 2 potions of magic
 h - a potion of mutation
 i - a potion of cancellation {unknown}
 k - 14 potions of curing
 q - 7 potions of might
 x - a potion of resistance {unknown}
 z - 6 potions of brilliance
 B - 3 potions of agility
 C - 3 potions of ambrosia
 I - a potion of lignification {unknown}
 J - a potion of haste
 L - a potion of berserk rage {unknown}
Comestibles
 l - 15 royal jellies


   Skills:
 - Level 11.0(9.4) Fighting
 - Level 10.0(8.4) Dodging
 - Level 1.7(0.5) Stealth
 + Level 11.7(10.1) Spellcasting
 + Level 12.4(10.7) Conjurations
 + Level 12.9(11.3) Fire Magic


You had 8 spell levels left.
You knew the following spells:

 Your Spells              Type           Power        Failure   Level  Hunger
a - Bolt of Fire          Conj/Fire      ######....   4%          6    ######.
b - Conjure Flame         Conj/Fire      ######..     1%          3    None
c - Sticky Flame          Conj/Fire      ######..     1%          4    ##.....
d - Fireball              Conj/Fire      ######....   1%          5    ####...
e - Sandblast             Erth           ##....       3%          1    None
f - Dazzling Spray        Conj/Hex       #####.       1%          3    None
g - Bolt of Magma         Conj/Fire/Erth ######....   3%          5    ####...
h - Flame Tongue          Conj/Fire      #####        1%          1    None


Dungeon Overview and Level Annotations

Branches:
Dungeon (12/15)            Temple (0/1) D:4            Lair (6/6) D:9
  Swamp (0/4) Lair:3       Spider (0/4) Lair:3        Slime (0/5) Lair:5
    Orc (1/2) D:12

Altars:
Fedhas
Hepliaklqana
Nemelex Xobeh
Qazlal
Ru
Sif Muna
Trog
Vehumet
Xom
Yredelemnul
The Shining One
Jiyva

Shops:
D:5 *   D:6 ![[=*   Orc:1 (

Annotations:
D:11 Frances
Lair:6 asthiss's ghost, journeyman MiFi


Innate Abilities, Weirdness & Mutations

You can walk through water.
Your dull iron-grey scales are very hard. (AC +13)
You cannot fit into any form of body armour.
You can survive without breathing.
You are cold-blooded and may be slowed by cold attacks.
Your tail ends in a poisonous barb.
Your spells are a little harder to cast, but a little more powerful.


Message History

Press: ? - help, Shift-Dir - straight line, f/p - Frances
Aim: Frances, wielding a dire flail and wearing a scale mail (heavily wounded, fast)
The sticky flame hits Frances.
Frances is heavily wounded.
Frances is covered in liquid flames!
Frances burns!
You block Frances's attack.
Frances burns!
Frances takes a defensive stance.
Frances burns!
Frances screams a word of power!
The shard of ice misses you.
Frances burns!
Frances is no longer moving quickly.
Frances burns!
Frances mutters in a terrible tongue.
The iron shot hits you!
* * * LOW HITPOINT WARNING * * *
You feel yourself speed up.
Frances burns!
Frances stops burning.
Frances closely misses you.
Frances screams a word of power!
The iron shot hits you!
You die...

##########.......########
#.......# ♣♣♣ #.......#
♣♣.. #.....).# ♣♣...
#.......# ♣♣....
#......@# ♣...._
#..)....# ♣♣.....
#....[..# ♣......
#......@# ♣.♣....
#.......# ♣♣♣♣♣..
#.......######## ♣♣..
#..............#♣♣♣♣♣...
#.....<.######..........
#.......# ###########
#.......# #.......#
#....(..#


You could see Frances.

Vanquished Creatures
  Kirke (Lair:5)
  Erolcha (D:11)
  6 hydras
  4 catoblepae
  A centaur warrior (D:8)
  12 death yaks
  4 two-headed ogres
  An unseen horror (D:12)
  4 lindwurms (Lair:3)
  Pikel (D:5)
  5 ugly things
  A wolf spider (Lair:6)
  A cyclops (D:12)
  3 manticores
  5 elephants
  4 black mambas
  A gargoyle (D:11)
  6 komodo dragons
  2 rime drakes
  12 spiny frogs
  A redback zombie (D:12)
  2 trolls
  A hornet (D:8)
  A polar bear (Lair:6)
  4 blink frogs (Lair:1)
  A dream sheep (Lair:6)
  7 hippogriffs
  A shadow (D:11)
  A spriggan (Lair:6)
  2 wyverns
  Eustachio (D:4)
  56 yaks
  2 hogs (Lair:5)
  5 basilisks
  3 vampire mosquitoes
  2 hungry ghosts
  A warg (D:11)
  3 insubstantial wisps (Lair:2)
  A soldier ant (D:8)
  9 porcupines
  9 water moccasins
  3 black bears
  7 orc warriors
  2 ice beasts (D:5)
  3 sky beasts
  6 ogres
  4 centaurs
  A necrophage (D:9)
  A phantom (D:4)
  4 wolves (Lair:1)
  A big kobold (D:10)
  13 crocodiles
  19 bullfrogs
  A wyvern zombie (D:12)
  2 scorpions
  53 killer bees
  2 electric eels (Lair:2)
  10 wights
  9 howler monkeys
  4 crimson imps
  4 jellies
  5 lava snakes (D:10)
  3 bullfrog zombies
  3 centaur skeletons
  9 orc wizards
  12 orc priests
  5 hounds
  3 bullfrog skeletons
  2 iguanas
  10 worker ants
  A hound skeleton (D:8)
  2 worker ant zombies
  3 gnolls (D:3)
  16 adders
  4 river rats (D:6)
  5 shadow imps
  An ooze (D:4)
  3 worms
  4 dart slugs
  5 leopard geckos
  54 orcs
  11 giant cockroaches
  12 goblins
  7 hobgoblins
  7 jackals
  18 kobolds
  5 quokkas
  5 ball pythons
  5 bats
  10 frilled lizards
  2 gnoll zombies (D:3)
  A jackal skeleton (D:4)
  A leopard gecko zombie (D:7)
  2 quokka skeletons
  A quokka zombie (D:5)
  10 rats
  4 plants
588 creatures vanquished.

Vanquished Creatures (others)
  A human (Lair:6)
  An ice beast (D:5)
  3 slaves (D:5)
  An ogre (D:5)
  A crimson imp (D:5)
  A hound skeleton (D:5)
  An orc (D:5)
  5 bushes (Lair:6)
  9 fungi
  6 plants (Lair:6)
29 creatures vanquished.

Grand Total: 617 creatures vanquished

Notes
Turn   | Place    | Note
-------+----------+-------------------------------------------
     0 | D:1      | skittles the Draconian Fire Elementalist began the quest for the Orb.
     0 | D:1      | Reached XP level 1. HP: 14/14 MP: 3/3
   707 | D:1      | Reached XP level 2. HP: 14/20 MP: 5/5
  1468 | D:2      | Reached XP level 3. HP: 25/27 MP: 6/6
  1545 | D:2      | You fall through a shaft for 2 floors!
  1628 | D:4      | Reached skill level 1 in Fighting
  1728 | D:4      | Noticed Eustachio
  1786 | D:4      | Gained mutation: Your tail ends in a poisonous barb. [potion of mutation]
  1786 | D:4      | Gained mutation: Your spells are a little harder to cast, but a little more powerful. [potion of mutation]
  1914 | D:3      | Reached XP level 4. HP: 20/35 MP: 3/7
  2140 | D:3      | Found a sparkling altar of Nemelex Xobeh.
  2140 | D:3      | Noticed a hungry ghost
  2522 | D:3      | Reached XP level 5. HP: 41/41 MP: 9/9
  2586 | D:3      | Found a basalt altar of Yredelemnul.
  3467 | D:3      | Found a deep blue altar of Sif Muna.
  3467 | D:3      | Found a faded altar of an unknown god.
  3475 | D:3      | Found a bloodstained altar of Trog.
  3477 | D:3      | Found a radiant altar of Vehumet.
  3478 | D:3      | Found a glowing golden altar of the Shining One.
  3487 | D:3      | Became a worshipper of Vehumet
  3681 | D:3      | Learned a level 3 spell: Conjure Flame
  3686 | D:3      | Learned a level 4 spell: Sticky Flame
  3745 | D:3      | Killed a hungry ghost
  3745 | D:3      | Reached XP level 6. HP: 45/50 MP: 0/10
  4322 | D:3      | Your scales start taking on a dull iron-grey colour.
  4322 | D:3      | Reached XP level 7. HP: 23/57 MP: 5/12
  4322 | D:3      | Gained mutation: You can survive without breathing. [Grey Draconian growth]
  5125 | D:4      | Found a staircase to the Ecumenical Temple.
  5273 | D:4      | Learned a level 5 spell: Fireball
  5302 | D:4      | Reached * piety under Vehumet
  5302 | D:4      | Offered knowledge of Sandblast by Vehumet.
  5749 | D:4      | Reached skill level 5 in Fire Magic
  5827 | D:4      | Found a hazy altar of Hepliaklqana.
  6130 | D:4      | Killed Eustachio
  6130 | D:4      | Reached XP level 8. HP: 66/66 MP: 2/14
  6225 | D:5      | Entered Level 5 of the Dungeon
  6254 | D:5      | Learned a level 1 spell: Sandblast
  6470 | D:5      | Found Nanamap's Assorted Antiques.
  6479 | D:5      | Bought 3 scrolls of identify for 114 gold pieces
  6631 | D:5      | Noticed Pikel
  6657 | D:5      | Killed Pikel
  6657 | D:5      | Reached skill level 5 in Fighting
  6657 | D:5      | Reached skill level 5 in Dodging
  6657 | D:5      | Reached skill level 5 in Conjurations
  6737 | D:5      | Noticed a two-headed ogre
  7459 | D:5      | Killed a two-headed ogre
  7459 | D:5      | Reached skill level 5 in Spellcasting
  7459 | D:5      | Reached XP level 9. HP: 48/75 MP: 8/16
  7740 | D:6      | Found Atirph's Jewellery Shop.
  7757 | D:6      | Found Mola's Antique Armour Shop.
  7772 | D:6      | Found Jabbo's Antique Armour Emporium.
  7938 | D:6      | Found Gasuaral's Distillery.
  8005 | D:6      | Found Deawig's General Store.
  8358 | D:6      | Found a glowing drain.
  8363 | Sewer    | Entered a sewer
  8425 | Sewer    | Offered knowledge of Sting by Vehumet.
  8427 | Sewer    | Reached ** piety under Vehumet
  9349 | D:7      | Offered knowledge of Static Discharge by Vehumet.
  9627 | D:7      | Found a stormy altar of Qazlal.
  9723 | D:7      | Found a sacrificial altar of Ru.
  9941 | D:8      | Reached *** piety under Vehumet
 10112 | D:8      | Noticed a two-headed ogre
 10125 | D:8      | Killed a two-headed ogre
 10125 | D:8      | Reached XP level 10. HP: 63/86 MP: 10/19
 10315 | D:8      | Noticed a centaur warrior
 10602 | D:8      | Killed a centaur warrior
 11514 | D:9      | Found a staircase to the Lair.
 11514 | D:9      | Noticed an elephant
 11514 | D:9      | Noticed a death yak
 11532 | D:9      | Killed an elephant
 11532 | D:9      | Offered knowledge of Dazzling Spray by Vehumet.
 11537 | D:9      | Learned a level 3 spell: Dazzling Spray
 11647 | D:9      | Killed a death yak
 12341 | D:10     | Entered Level 10 of the Dungeon
 12476 | D:9      | Reached XP level 11. HP: 74/94 MP: 5/21
 12787 | D:10     | Noticed a two-headed ogre
 12798 | D:10     | Killed a two-headed ogre
 13230 | D:10     | Reached **** piety under Vehumet
 13351 | D:10     | Offered knowledge of Throw Icicle by Vehumet.
 14183 | D:11     | Noticed a purple ugly thing
 14489 | D:11     | Killed a purple ugly thing
 14896 | D:11     | Noticed Erolcha
 14898 | D:11     | Killed Erolcha
 15038 | D:11     | Reached ***** piety under Vehumet
 15038 | D:11     | Offered knowledge of Bolt of Magma by Vehumet.
 15182 | D:11     | Found a shimmering altar of Xom.
 15268 | D:11     | Noticed a two-headed ogre
 15282 | D:11     | Killed a two-headed ogre
 15358 | D:11     | Noticed a brown ugly thing
 15376 | D:11     | Killed a brown ugly thing
 15555 | D:11     | Found a blossoming altar of Fedhas.
 15621 | D:12     | Found a staircase to the Orcish Mines.
 15877 | D:12     | Noticed a red ugly thing
 16277 | D:11     | HP: 2/97 [red ugly thing (17)]
 16301 | D:10     | Killed a red ugly thing
 16707 | D:12     | Reached XP level 12. HP: 95/105 MP: 19/24
 16862 | D:12     | Got a transparent fustibalus
 16864 | D:12     | Noticed Frances
 17624 | D:12     | Got a pitted broad axe
 17641 | D:11     | Identified the +9 broad axe of the Undead {antimagic, rN+ Int+3} (You found it on level 12 of the Dungeon)
 18287 | Lair:1   | Entered Level 1 of the Lair of Beasts
 18797 | Lair:1   | Reached skill level 10 in Fire Magic
 19010 | Lair:1   | Reached skill level 10 in Fighting
 21445 | Lair:3   | Found a staircase to the Swamp.
 21653 | Lair:2   | Reached skill level 10 in Conjurations
 22172 | Lair:3   | Found a hole to the Spider Nest.
 22834 | Lair:3   | Learned a level 5 spell: Bolt of Magma
 22838 | Lair:3   | Reached XP level 13. HP: 112/114 MP: 18/26
 24029 | Lair:4   | Offered knowledge of Yara's Violent Unravelling by Vehumet.
 25026 | Lair:5   | Reached skill level 10 in Dodging
 25356 | Lair:5   | Found a viscous altar of Jiyva.
 25356 | Lair:5   | Found a staircase to the Slime Pits.
 25461 | Lair:5   | Noticed Kirke
 25465 | Lair:5   | Reached skill level 10 in Spellcasting
 25470 | Lair:5   | Killed Kirke
 26107 | Lair:6   | Entered Level 6 of the Lair of Beasts
 26651 | Lair:6   | Offered knowledge of Bolt of Fire by Vehumet.
 26670 | Lair:5   | Learned a level 6 spell: Bolt of Fire
 27545 | Lair:6   | Noticed asthiss's ghost (journeyman MiFi)
 28339 | Lair:6   | Reached XP level 14. HP: 97/124 MP: 21/28
 29670 | Lair:6   | Got a steaming mace
 29671 | Lair:6   | Identified the +6 mace of the Neverending Allies {freeze, +Inv} (You found it on level 6 of the Lair of Beasts)
 30947 | D:12     | Got a translucent quarterstaff {vamp}
 30949 | D:12     | Identified the +8 quarterstaff "Watalu" {vamp, *Drain Int+4 Dex+4} (You took it off an orc on level 12 of the Dungeon)
 31110 | Orc:1    | Entered Level 1 of the Orcish Mines
 31197 | Orc:1    | Found Zobb's Weapon Shoppe.
 31539 | D:11     | Killed from afar by Frances

Skill      XL: |  1  2  3  4  5  6  7  8  9 10 11 12 13 14 |
---------------+-------------------------------------------+-----
Dodging        | 2 3 4 5 6 7 8 9 10 | 10.0
Fighting       | 1 2 3 4 5 7 8 9 10 11 | 11.0
Conjurations   | 2 3 4 5 6 7 9 10 11 12 | 12.4
Fire Magic     | 4 5 6 7 8 9 10 12 | 12.9
Spellcasting   | 3 4 5 6 7 8 9 10 11 | 11.7
Stealth        | |  1.7

Action                   |  1- 3 |  4- 6 |  7- 9 | 10-12 | 13-15 || total
-------------------------+-------+-------+-------+-------+-------++-------
Melee: Unarmed           |    20 |       |       |       |       ||    20
       Mace              |    22 |       |       |       |       ||    22
       Tailslap          |     4 |    12 |    51 |    64 |    40 ||   171
       Dagger            |    41 |   112 |   316 |   457 |   282 ||  1208
       Spear             |       |       |     9 |   131 |    16 ||   156
 Cast: Flame Tongue      |    21 |    51 |    71 |   122 |    44 ||   309
       Conjure Flame     |       |     1 |     3 |    12 |     2 ||    18
       Sticky Flame      |       |       |    16 |    98 |    99 ||   213
       Sandblast         |       |       |     3 |       |       ||     3
       Fireball          |       |       |       |    21 |    29 ||    50
       Dazzling Spray    |       |       |       |    77 |     9 ||    86
       Bolt of Magma     |       |       |       |     1 |    15 ||    16
       Bolt of Fire      |       |       |       |       |    67 ||    67
Evoke: Wand              |       |       |       |     1 |       ||     1
  Use: Potion            |     3 |     1 |       |     4 |     3 ||    11
       Scroll            |       |       |    12 |     4 |     3 ||    19
 Stab: Sleeping          |     6 |     3 |     5 |       |     2 ||    16
       Distracted        |       |     1 |       |     1 |       ||     2
       Invisible         |       |       |       |     3 |     1 ||     4
  Eat: Chunk             |     3 |     5 |    22 |    43 |    32 ||   105
       Meat ration       |       |     1 |       |       |     4 ||     5
       Fruit             |       |       |       |    13 |     3 ||    16
       Bread ration      |       |       |       |       |     4 ||     4
Armor: Skin              |    38 |    31 |   112 |   268 |   138 ||   587
Dodge: Dodged            |    76 |    95 |   235 |   607 |   393 ||  1406
Block: Other             |       |     7 |    28 |    50 |    31 ||   116
       Reflection        |       |       |       |     1 |       ||     1
